 Dungeon Crawl Stone Soup version 0.24-a0-464-g6b2be6b8c7 (webtiles) character file.

Game seed: 3638579145712705909

107490 CandyEater the Thaumaturge (level 16, -3/100 HPs)
             Began as a Gargoyle Earth Elementalist on July 4, 2019.
             Was the Champion of Vehumet.
             Slain by a naga warrior
             ... wielding a +0 battleaxe
              (11 damage)
             ... on level 2 of the Snake Pit.
             The game lasted 01:25:04 (29772 turns).

CandyEater the Thaumaturge (GrEE)                  Turns: 29772, Time: 01:25:05

Health: -3/100     AC: 19    Str: 13    XL:     16   Next: 47%
Magic:  17/34      EV: 13    Int: 30    God:    Vehumet [******]
Gold:   738        SH:  4    Dex: 10    Spells: 20/43 levels left

rFire    . . .     SeeInvis .   K - +6 quarterstaff "Ocaxzumi" {freeze, Int+5}
rCold    . . .     Gourm    .   (shield currently unavailable)
rNeg     + . .     Faith    .   w - +1 robe of the Planets {Regen+}
rPois    ∞         Spirit   .   r - +1 helmet
rElec    +         Reflect  +   A - scarf {cloud immunity}
rCorr    .         Harm     .   (no gloves)
MR       +....                  L - +0 pair of boots
Stlth    ++........             l - +4 amulet of reflection
HPRegen  0.66/turn              a - ring of wizardry
MPRegen  0.24/turn              T - +3 ring of intelligence

@: flying, constricted
A: big wings, negative energy resistance 1, electricity resistance, unbreathing,
evolution 1, petrification resistance, rot immunity, AC +12
a: Stop Flying, Renounce Religion


You were on level 2 of the Snake Pit.
You worshipped Vehumet.
Vehumet was exalted by your worship.
You were full.

You visited 5 branches of the dungeon, and saw 26 of its levels.
You also visited: Sewer, Ossuary and Ice Cave.

You collected 1942 gold pieces.
You spent 1204 gold pieces at shops.

Inventory:

Hand Weapons
 v - a +9 eveningstar of flaming
 K - the +6 quarterstaff "Ocaxzumi" (weapon) {freeze, Int+5}
   (You found it on level 11 of the Dungeon)

   It has been specially enchanted to freeze those struck by it, causing extra
   injury to most foes and up to half again as much damage against particularly
   susceptible opponents.
   It can also slow down cold-blooded creatures.
   It affects your intelligence (+5).
 N - the +5 mace "Ulawk" {crush, +Fly rElec rF+}
   (You found it on level 12 of the Dungeon)

   It inflicts extra damage upon your enemies.
   It protects you from fire.
   It insulates you from electricity.
   It lets you fly.
Missiles
 b - 417 stones (quivered)
 D - a throwing net
Armour
 r - a +1 helmet (worn)
 w - the +1 robe of the Planets (worn) {Regen+}
   (You found it on level 4 of the Dungeon)

   It increases your rate of regeneration.
 A - a scarf of cloud immunity (worn)
 L - a +0 pair of boots (worn)
Jewellery
 a - a ring of wizardry (left hand)
 i - a +3 ring of evasion
 l - a +4 amulet of reflection (around neck)
 T - a +3 ring of intelligence (right hand)
Wands
 s - a wand of flame (34)
 H - a wand of digging (2)
 O - a wand of disintegration (21)
 P - a wand of paralysis (19)
 S - a wand of polymorph (7)
Scrolls
 g - 6 scrolls of amnesia
 j - 9 scrolls of magic mapping
 k - 12 scrolls of teleportation
 p - 14 scrolls of remove curse
 t - 3 scrolls of fear
 u - 6 scrolls of immolation
 x - 2 scrolls of blinking
 B - 18 scrolls of identify
 I - 4 scrolls of fog
Potions
 c - a potion of might
 e - 11 potions of curing
 f - 5 potions of lignification
 h - 3 potions of agility
 m - a potion of haste
 n - 3 potions of cancellation
 q - a potion of ambrosia
 F - 2 potions of berserk rage
 G - 4 potions of mutation
 J - 2 potions of resistance
 U - a potion of brilliance
Miscellaneous
 C - a fan of gales
Comestibles
 d - 34 rations


   Skills:
 + Level 11.2 Fighting
 + Level 10.4 Maces & Flails
 - Level 6.0 Armour
 + Level 9.0 Dodging
 - Level 2.1 Stealth
 + Level 14.1 Spellcasting
 + Level 11.8 Conjurations
   Level 0.7 Transmutations
 + Level 13.2 Earth Magic
 - Level 6.0 Evocations


You had 20 spell levels left.
You knew the following spells:

 Your Spells              Type           Power        Failure   Level  Hunger
a - Sandblast             Erth           ######       0%          1    None
b - Stone Arrow           Conj/Erth      ######       1%          3    None
c - Lee's Rapid Deconstr  Erth           #######...   1%          5    None
d - Iron Shot             Conj/Erth      #######...   1%          6    ####...
e - Venom Bolt            Conj/Pois      ######....   1%          5    None
f - Mephitic Cloud        Conj/Pois/Air  #####...     1%          3    None

Your spell library contained the following spells:

 Spells                   Type           Power        Failure   Level  Hunger
 Spellforged Servitor     Conj/Summ      ######....   17%         7    #####..
 Magic Dart               Conj           ####         0%          1    None
 Animate Skeleton         Necr           N/A          1%          1    None
 Pain                     Necr           ###.         1%          1    None
 Sting                    Conj/Pois      ####         1%          1    None
 Blink                    Tloc           N/A          1%          2    None
 Call Imp                 Summ           ###.....     1%          2    None
 Passwall                 Tmut/Erth      ######..     1%          2    None
 Poisonous Vapours        Pois/Air       ###...       1%          2    None
 Slow                     Hex            ###.....     1%          2    None
 Conjure Flame            Conj/Fire      ######..     1%          3    None
 Petrify                  Tmut/Erth      ######..     1%          4    None
 Regeneration             Chrm/Necr      ###.......   2%          3    None
 Vampiric Draining        Necr           ###.......   2%          3    None
 Olgreb's Toxic Radiance  Pois           ###.....     2%          4    None
 Yara's Violent Unravell  Hex/Tmut       ###.......   7%          5    None
 Animate Dead             Necr           N/A          9%          4    None
 Cause Fear               Hex            ###.......   9%          4    None
 Silence                  Hex/Air        ###.......   26%         5    None
 Deflect Missiles         Chrm/Air       ###.......   77%         6    ####...
 Discord                  Hex            ###.......   100%        8    #######


Dungeon Overview and Level Annotations

Branches:
Dungeon (15/15)            Temple (1/1) D:4            Lair (6/6) D:11
  Swamp (0/4) Lair:4        Snake (2/4) Lair:4        Slime (0/5) Lair:5
    Orc (2/2) D:11            Elf (0/3) Orc:2        Vaults (0/5) D:14
 Depths (0/5) D:15

Altars:
Ashenzari
Cheibriados
Dithmenos
Elyvilon
Fedhas
Gozag
Hepliaklqana
Kikubaaqudgha
Makhleb
Nemelex Xobeh
Okawaru
Qazlal
Ru
Sif Muna
Trog
Uskayaw
Vehumet
Wu Jian
Xom
Yredelemnul
Zin
The Shining One
Jiyva

Shops:
D:4 ?(*[   D:11 %   Orc:2 =[!:   Snake:2 **

Annotations:
Lair:4 exclusion: 3 oklob plants


Innate Abilities, Weirdness & Mutations

You are resistant to torment.
Your stone body is resilient. (AC +12)
You are immune to poison.
Your large and strong wings let you fly indefinitely.
You resist negative energy. (rN+)
You are resistant to electric shocks. (rElec)
You can survive without breathing.
You are immune to petrification.
You are immune to rotting.
You evolve.


Message History

The naga warrior is lightly wounded.
You feel yourself slow down.
The naga warrior hits you with a +0 battleaxe!
* * * LOW HITPOINT WARNING * * *
x2 The naga warrior constricts you.
The naga warrior completely misses you.
Unknown command.
Casting: Lee's Rapid Deconstruction (safe; 1% risk of failure)
Confirm with . or Enter, or press ? or * to list all spells.
Aiming: Lee's Rapid Deconstruction (safe; 1% risk of failure)
Press: ? - help, Dir - move target cursor A rock wall.
The wall shatters!
The blast of rock fragments hits the naga warrior!
The naga warrior is heavily wounded.
The blast of rock fragments hits the naga warrior.
The naga warrior is moderately wounded.
The naga warrior hits you from afar with a +0 glaive!
* * * LOW HITPOINT WARNING * * *
The naga warrior hits you with a +0 battleaxe!
You die...

......### ........ .......
..... ..# .. #. ... ..##..
###.. #.# #..#... #.... ##.##
....... .....###..N### .......
.......#..##N@##.......
.........#####.§.....#
.........###...=....##
..........####'''##..#
...........##$))$)##.#
##........#.$._$$.#..##......
#........#8.$.$.8#..........
#......###∩.$.$$.#..........
..#........##.8∩8∩##..........


You could see 2 naga warriors.

Vanquished Creatures
  A nagaraja (Snake:2)
  Louise (D:14)
  The ghost of marsu the Peltast, a journeyman OpSu of Makhleb (Snake:2)
  An ettin (D:15)
  10 hydras
  2 catoblepae
  6 centaur warriors
  2 anacondas
  6 two-headed ogres
  2 dancing weapons (D:14)
  5 naga warriors (Snake:1)
  3 death yaks (D:11)
  Urug (Lair:4)
  5 orc high priests (Orc:2)
  3 naga sharpshooters
  2 shock serpents (Snake:1)
  An unseen horror (D:13)
  An obsidian statue (Snake:2)
  A naga ritualist (Snake:1)
  A wolf spider zombie (D:14)
  A mana viper (Snake:1)
  A necromancer (IceCv)
  7 orc knights
  7 ugly things
  A wolf spider (D:15)
  10 elephants
  A manticore (D:12)
  A salamander (Snake:1)
  2 ice statues (IceCv)
  4 centaur zombies
  4 cyclopes
  12 black mambas
  2 guardian serpents
  3 gargoyles
  3 naga magi
  12 spiny frogs
  5 centaur skeletons
  4 rime drakes
  4 komodo dragons
  7 ice devils (IceCv)
  A meliai (shapeshifter) (D:15)
  2 trolls
  5 hornets (Lair:6)
  7 polar bears
  16 blink frogs
  10 hippogriffs
  5 slime creatures (D:14)
  6 dream sheep
  12 spriggans (Lair:6)
  A wraith (D:10)
  3 wyverns
  63 yaks
  A vampire (D:13)
  3 basilisks
  2 hungry ghosts
  Grum (D:11)
  6 vampire mosquitoes
  6 wargs
  An acid dragon (D:13)
  10 nagas
  7 porcupines
  10 water moccasins
  5 black bears
  31 orc warriors
  2 ice beasts
  A hornet zombie (D:15)
  2 eyes of draining
  3 phantoms
  3 boggarts (Lair:6)
  6 ogres
  2 sky beasts
  14 centaurs
  23 wolves
  14 crocodiles
  5 big kobolds
  An elf zombie (Ossuary)
  11 bullfrogs
  A wyvern zombie (D:13)
  A wyvern skeleton (D:13)
  3 scorpions
  18 killer bees
  4 electric eels (D:6)
  2 draconian simulacra (IceCv)
  16 crimson imps
  A human zombie (Ossuary)
  5 jellies
  3 hounds
  34 orc priests
  11 orc wizards
  A bullfrog skeleton (D:10)
  10 worker ants
  5 iguanas
  3 troll simulacra (IceCv)
  2 hell rats (D:11)
  A spriggan simulacrum (IceCv)
  A big kobold zombie (Ossuary)
  A hound zombie (Ossuary)
  4 mummies (Ossuary)
  Robin (D:2)
  7 gnolls (D:5)
  3 naga simulacra (IceCv)
  An ogre simulacrum (IceCv)
  12 adders
  4 river rats
  7 shadow imps
  A white imp (D:9)
  4 oozes (Sewer)
  An adder skeleton (D:5)
  8 worms
  A dart slug (D:1)
  5 leopard geckos
  104 orcs
  6 ball pythons
  8 giant cockroaches
  21 goblins
  12 hobgoblins
  3 jackals (D:4)
  25 kobolds
  8 quokkas
  12 bats
  4 frilled lizards
  A giant cockroach zombie (D:5)
  2 goblin zombies (Ossuary)
  A hobgoblin zombie (Ossuary)
  A jackal zombie (Ossuary)
  A kobold zombie (Ossuary)
  A leopard gecko skeleton (D:4)
  An orc zombie (Ossuary)
  19 rats
  2 rat zombies (Ossuary)
  3 fungi
  A plant (Lair:4)
865 creatures vanquished.

Vanquished Creatures (others)
  A tengu warrior (D:15)
  A cyclops (D:15)
  A human (D:3)
  A kobold (D:1)
  19 fungi
  10 plants
33 creatures vanquished.

Grand Total: 898 creatures vanquished

Notes
Turn   | Place    | Note
-------+----------+-------------------------------------------
     0 | D:1      | CandyEater the Gargoyle Earth Elementalist began the quest
                  | for the Orb.
     0 | D:1      | Reached XP level 1. HP: 10/10 MP: 3/3
   506 | D:1      | Reached XP level 2. HP: 12/15 MP: 0/5
   956 | D:1      | Reached XP level 3. HP: 19/19 MP: 6/6
   961 | D:1      | Learned a level 3 spell: Stone Arrow
  1553 | D:2      | Noticed Robin
  1558 | D:2      | Killed Robin
  1558 | D:2      | Reached skill level 1 in Conjurations
  1558 | D:2      | Reached XP level 4. HP: 24/24 MP: 1/8
  1583 | D:2      | Reached skill level 3 in Spellcasting
  2005 | D:2      | Gained mutation: You are agile. (Dex +2) [potion of
                  | mutation]
  2005 | D:2      | Gained mutation: You evolve. [potion of mutation]
  2006 | D:2      | Reached skill level 10 in Spellcasting
  2006 | D:2      | Reached XP level 5. HP: 28/28 MP: 9/18
  2013 | D:2      | Learned a level 5 spell: Lee's Rapid Deconstruction
  2247 | D:3      | Found a sparkling altar of Nemelex Xobeh.
  2249 | D:3      | Found a glowing golden altar of the Shining One.
  2478 | D:3      | Reached XP level 6. HP: 25/32 MP: 13/19
  2688 | D:3      | Reached skill level 5 in Earth Magic
  2773 | D:3      | Found an ancient bone altar of Kikubaaqudgha.
  2774 | D:3      | Noticed a human
  2778 | D:3      | Killed a human
  2873 | D:4      | Found a staircase to the Ecumenical Temple.
  2889 | Temple   | Entered the Ecumenical Temple
  2952 | Temple   | Became a worshipper of Vehumet
  2978 | D:4      | Found Guen Taet's Armour Boutique.
  3279 | D:4      | Reached XP level 7. HP: 12/36 MP: 15/21
  3327 | D:4      | Found a sand-covered staircase.
  3332 | Ossuary  | Entered an ossuary
  3374 | Ossuary  | Reached skill level 11 in Spellcasting
  3377 | Ossuary  | Reached * piety under Vehumet
  3377 | Ossuary  | Offered knowledge of Sting by Vehumet.
  3982 | D:4      | Learned a level 3 spell: Mephitic Cloud
  4002 | D:4      | Found Ciuc's Weapon Shop.
  4005 | D:4      | Got a bloodstained robe
  4018 | D:4      | Identified the +1 robe of the Planets {Regen+} (You found
                  | it on level 4 of the Dungeon)
  4027 | D:4      | Found Hocuuni's Magic Scroll Boutique.
  4032 | D:4      | Bought a scroll of identify for 22 gold pieces
  4032 | D:4      | Bought a scroll of blinking for 82 gold pieces
  4032 | D:4      | Bought a scroll of identify for 22 gold pieces
  4177 | D:4      | Found Omoan's Assorted Antiques.
  4189 | D:4      | Bought a sedimented emerald potion for 20 gold pieces
  4189 | D:4      | Bought a fizzy purple potion for 20 gold pieces
  4189 | D:4      | Bought a purple potion for 20 gold pieces
  4189 | D:4      | Bought a scroll labeled NOIXEU RYSA for 23 gold pieces
  4220 | D:4      | Gained mutation: You have supernaturally acute eyesight.
                  | (SInv) [evolution]
  4383 | D:5      | Entered Level 5 of the Dungeon
  4404 | D:5      | Found an iron altar of Okawaru.
  4621 | D:5      | Found a shadowy altar of Dithmenos.
  4643 | D:5      | Reached XP level 8. HP: 40/42 MP: 23/23
  4707 | D:5      | Found a white marble altar of Elyvilon.
  4821 | D:5      | You fall into a shaft and drop 3 floors!
  4841 | D:8      | Reached skill level 1 in Fighting
  4888 | D:8      | Reached skill level 1 in Armour
  4898 | D:8      | Noticed a hippogriff
  4904 | D:8      | Reached skill level 1 in Maces & Flails
  4908 | D:8      | Killed a hippogriff
  4908 | D:8      | Reached skill level 1 in Evocations
  4957 | D:7      | Reached XP level 9. HP: 25/48 MP: 24/24
  5021 | D:6      | Found a glowing drain.
  5024 | D:6      | Reached ** piety under Vehumet
  5031 | D:6      | Offered knowledge of Freeze by Vehumet.
  5048 | Sewer    | Entered a sewer
  5528 | Sewer    | Offered knowledge of Static Discharge by Vehumet.
  6116 | D:6      | Reached *** piety under Vehumet
  6423 | D:6      | Lost mutation: You have supernaturally acute eyesight.
                  | (SInv) [evolution]
  7017 | D:4      | Bought a lumpy amethyst potion for 20 gold pieces
  7017 | D:4      | Bought a scroll of identify for 46 gold pieces
  7138 | D:7      | You fall into a shaft and drop 3 floors!
  7138 | D:10     | Entered Level 10 of the Dungeon
  7139 | D:10     | Noticed a two-headed ogre
  7157 | D:10     | Killed a two-headed ogre
  7392 | D:10     | Noticed a troll
  7401 | D:10     | Killed a troll
  7401 | D:10     | Reached XP level 10. HP: 22/55 MP: 20/25
  7597 | D:9      | Noticed a two-headed ogre
  7602 | D:9      | Killed a two-headed ogre
  8180 | D:7      | Offered knowledge of Force Lance by Vehumet.
  8373 | D:7      | Reached skill level 5 in Conjurations
  8593 | D:7      | Found a hazy altar of Hepliaklqana.
  9399 | D:8      | Reached **** piety under Vehumet
  9795 | D:9      | Found an ancient bone altar of Kikubaaqudgha.
  9831 | D:9      | Offered knowledge of Airstrike by Vehumet.
 10197 | D:10     | Noticed a two-headed ogre
 10203 | D:10     | Killed a two-headed ogre
 10203 | D:10     | Reached XP level 11. HP: 62/62 MP: 17/26
 10941 | D:11     | Got a shimmering quarterstaff
 10942 | D:11     | Identified the +6 quarterstaff "Ocaxzumi" {freeze, Int+5}
                  | (You found it on level 11 of the Dungeon)
 10947 | D:11     | Noticed Grum
 10948 | D:11     | Noticed a death yak
 10952 | D:11     | Noticed a death yak
 10959 | D:11     | Killed Grum
 10959 | D:11     | Noticed a death yak
 10975 | D:11     | Killed a death yak
 10976 | D:11     | Killed a death yak
 10980 | D:11     | Killed a death yak
 10980 | D:11     | Reached skill level 5 in Fighting
 11009 | D:11     | Noticed a cyan ugly thing
 11017 | D:11     | Found Kirghuxka's Food Shoppe.
 11031 | D:11     | Killed a cyan ugly thing
 11238 | D:11     | Found a staircase to the Lair.
 11515 | D:11     | Found a staircase to the Orcish Mines.
 11690 | D:11     | Reached skill level 5 in Armour
 11857 | D:12     | Noticed a two-headed ogre
 11863 | D:12     | Killed a two-headed ogre
 11995 | D:12     | Noticed a brown ugly thing
 12003 | D:12     | Killed a brown ugly thing
 12005 | D:12     | Got an encrusted mace
 12006 | D:12     | Identified the +5 mace "Ulawk" {crush, +Fly rElec rF+} (You
                  | found it on level 12 of the Dungeon)
 12291 | D:12     | Noticed a manticore
 12293 | D:12     | Killed a manticore
 12293 | D:12     | Reached XP level 12. HP: 68/68 MP: 17/27
 12367 | D:12     | Reached skill level 5 in Maces & Flails
 12367 | D:12     | Reached skill level 12 in Spellcasting
 12482 | D:12     | Reached ***** piety under Vehumet
 12482 | D:12     | Offered knowledge of Ozocubu's Refrigeration by Vehumet.
 12830 | D:12     | Noticed a two-headed ogre
 12833 | D:12     | Killed a two-headed ogre
 13108 | D:13     | Noticed a centaur warrior
 13120 | D:13     | Killed a centaur warrior
 13518 | D:13     | Reached skill level 5 in Evocations
 13608 | D:13     | Reached skill level 5 in Dodging
 14549 | D:14     | Noticed a centaur warrior
 14559 | D:14     | Killed a centaur warrior
 14596 | D:14     | Noticed a centaur warrior
 14607 | D:14     | Killed a centaur warrior
 14658 | D:14     | Reached XP level 13. HP: 76/76 MP: 20/29
 14810 | D:14     | Noticed Louise
 14827 | D:14     | Killed Louise
 14961 | D:14     | Found a gate to the Vaults.
 14975 | D:14     | Reached skill level 10 in Earth Magic
 15360 | D:14     | Found a glowing silver altar of Zin.
 15991 | Lair:1   | Entered Level 1 of the Lair of Beasts
 16099 | Lair:1   | Learned a level 5 spell: Venom Bolt
 16918 | Lair:2   | Offered knowledge of Yara's Violent Unravelling by Vehumet.
 18206 | Lair:3   | Gained mutation: Your large and strong wings let you fly
                  | indefinitely. [Gargoyle growth]
 18206 | Lair:3   | Reached XP level 14. HP: 83/84 MP: 25/30
 18214 | Lair:3   | Lost mutation: You are agile. (Dex +2) [evolution]
 18858 | Lair:4   | Noticed Urug
 18863 | Lair:4   | Killed Urug
 18961 | Lair:4   | Found a staircase to the Snake Pit.
 19274 | Lair:4   | Reached skill level 13 in Spellcasting
 19509 | Lair:4   | Found a staircase to the Swamp.
 19719 | Lair:5   | Found a viscous altar of Jiyva.
 19719 | Lair:5   | Found a staircase to the Slime Pits.
 20303 | Lair:5   | Reached skill level 10 in Conjurations
 20493 | Lair:5   | Reached ****** piety under Vehumet
 20911 | Lair:6   | Entered Level 6 of the Lair of Beasts
 20938 | Lair:6   | Found a snail-covered altar of Cheibriados.
 20944 | Lair:6   | Found a frozen archway.
 20958 | IceCv    | Entered an ice cave
 21781 | IceCv    | Offered knowledge of Iskenderun's Battlesphere by Vehumet.
 22093 | Lair:6   | Reached XP level 15. HP: 91/91 MP: 24/32
 22640 | Lair:6   | Offered knowledge of Bolt of Cold by Vehumet.
 23027 | Lair:6   | Reached skill level 10 in Fighting
 23778 | Orc:1    | Entered Level 1 of the Orcish Mines
 23794 | D:11     | Gained mutation: You are surrounded by a mild repulsion
                  | field. (EV +2) [evolution]
 24609 | Orc:2    | Entered Level 2 of the Orcish Mines
 24749 | Orc:2    | Offered knowledge of Iron Shot by Vehumet.
 25078 | Orc:2    | Learned a level 6 spell: Iron Shot
 25201 | Orc:2    | Found a staircase to the Elven Halls.
 25608 | Orc:2    | Offered knowledge of Conjure Ball Lightning by Vehumet.
 26092 | Orc:2    | Found Uxydus's Book Shop.
 26092 | Orc:2    | Found Azith's Jewellery Shop.
 26093 | Orc:2    | Found Irygah's Distillery.
 26093 | Orc:2    | Found Cusuw's Antique Armour Boutique.
 26104 | Orc:2    | Bought an embroidered robe for 107 gold pieces
 26133 | Orc:2    | Bought a potion of heal wounds for 70 gold pieces
 26133 | Orc:2    | Bought a potion of mutation for 112 gold pieces
 26133 | Orc:2    | Bought a potion of brilliance for 56 gold pieces
 26133 | Orc:2    | Bought a potion of agility for 56 gold pieces
 26133 | Orc:2    | Bought a potion of might for 56 gold pieces
 26133 | Orc:2    | Bought a potion of heal wounds for 70 gold pieces
 26133 | Orc:2    | Bought a potion of curing for 42 gold pieces
 26133 | Orc:2    | Bought a potion of haste for 140 gold pieces
 26392 | D:15     | Entered Level 15 of the Dungeon
 26889 | D:15     | Found a staircase to the Depths.
 26906 | D:15     | Lost mutation: You are surrounded by a mild repulsion
                  | field. (EV +2) [evolution]
 26997 | D:15     | Reached skill level 10 in Maces & Flails
 27596 | D:4      | Bought a scroll of brand weapon for 220 gold pieces
 27884 | Snake:1  | Entered Level 1 of the Snake Pit
 27908 | Snake:1  | Reached XP level 16. HP: 74/99 MP: 33/33
 28588 | Snake:1  | Reached skill level 14 in Spellcasting
 29684 | Snake:2  | Found a white marble altar of Elyvilon.
 29720 | Snake:2  | Found a runed translucent gate.
 29722 | Snake:2  | Found a runed translucent gate.
 29722 | Snake:2  | Found a runed translucent gate.
 29722 | Snake:2  | Found an opulent altar of Gozag.
 29722 | Snake:2  | Noticed a nagaraja
 29722 | Snake:2  | Noticed marsu's ghost (journeyman OpSu)
 29723 | Snake:2  | Found Ihuez's Assorted Antiques.
 29723 | Snake:2  | Found Riaxak's Assorted Antiques.
 29730 | Snake:2  | Offered knowledge of Spellforged Servitor by Vehumet.
 29744 | Snake:2  | Killed a nagaraja
 29770 | Snake:2  | Killed marsu's ghost
 29772 | Snake:2  | Slain by a naga warrior

Levels and vault maps discovered:
D:1:      psy_arrival_whirlpool, layout_basic
D:2:      layout_rooms, minmay_hexomino_u4, uniq_robin
D:3:      layout_rooms, nicolae_overflow_hidden_temple, tgw_kikubaaqudgha
D:4:      layout_loops_ring, minmay_temple_entry_glass, first_ration,
          serial_shops, kennysheep_mini_moat, shop, kennysheep_little_box, shop,
          nicolae_ossuary_entry_false_entrances
D:5:      layout_basic, elyvilon_altar_1, nicolae_dithmenos_the_darkroom,
          minmay_misc_feat_roman, okawaru_trees_1
D:6:      layout_loops_corners, portal_sewer_entry_b, serial_bayou,
          serial_bayou_pond_e, serial_bayou_shore_b, serial_bayou_lake_a,
          serial_bayou_shore_b
D:7:      layout_loops_corners, marbit_many_paths
D:8:      layout_gridville
D:9:      layout_basic, lemuel_round_altar, grunt_ogre_cave, minmay_nine_imps
D:10:     layout_grid_maze
D:11:     layout_basic, dpeg_lair_monsters, orc_0_dummy, serial_shops, shop,
          uniq_grum
D:12:     layout_gridville, st_stairs_1, minmay_lizard_king
D:13:     layout_layer_cave
D:14:     layout_roguey, erik_vaults_1, basic_altar, uniq_louise
D:15:     hangedman_depths_entry_civil_slaughter, layout_basic
Temple:   nicolae_temple_elliptical
Lair:1:   layout_chaotic_city
Lair:2:   layout_roguey
Lair:3:   layout_cave_pods
Lair:4:   layout_roguey, swamp_mist_pool, guppyfry_snake_entry_island,
          grunt_megastairs_1, minmay_lair_oklob_chamber, uniq_urug
Lair:5:   layout_regular_city, slime_altar_1, beast_lair_carwin_8
Lair:6:   minmay_lair_end_enchanted_forest, layout_long_grid,
          portal_ice_cave_rime, basic_altar, grunt_megastairs_4
Snake:1:  layout_grid_shapes, drop_trap
Snake:2:  layout_cave_shapes, serial_shops, shop, shop, ebering_ghost_gozag,
          basic_altar
Orc:1:    layout_caves
Orc:2:    st_orc_pillars, layout_diamond_mine

Skill      XL: |  1  2  3  4  5  6  7  8  9 10 11 12 13 14 15 16 |
---------------+-------------------------------------------------+-----
Earth Magic    | 4 5 6 7 8 9 10 11 12 13 | 13.2
Conjurations   | 1 2 3 4 5 6 7 9 10 11 | 11.8
Spellcasting   | 10 11 12 13 14 | 14.1
Fighting       | 1 2 4 5 6 8 9 10 11 | 11.2
Armour         | 1 2 4 5 6 |  6.0
Maces & Flails | 1 2 3 4 6 7 8 10 | 10.4
Dodging        | 2 3 4 5 6 7 8 9 |  9.0
Evocations     | 1 2 3 4 5 6 |  6.0
Stealth        | |  2.1
Transmutations | |  0.7

Action                   |  1- 3 |  4- 6 |  7- 9 | 10-12 | 13-15 | 16-18 || total
-------------------------+-------+-------+-------+-------+-------+-------++-------
Melee: Unarmed           |    19 |       |       |       |       |       ||    19
       Club              |    48 |     8 |       |       |       |       ||    56
       Dagger            |    49 |   232 |   292 |   198 |       |       ||   771
       Quarterstaff      |       |       |       |   264 |   951 |    26 ||  1241
       Eveningstar       |       |       |       |       |     6 |    95 ||   101
 Cast: Sandblast         |    13 |    28 |   107 |    84 |    78 |    12 ||   322
       Stone Arrow       |     1 |       |       |    36 |    62 |     1 ||   100
       Lee's Rapid Decon |       |     2 |     4 |    47 |   166 |     9 ||   228
       Mephitic Cloud    |       |       |       |     1 |     3 |       ||     4
       Venom Bolt        |       |       |       |       |    40 |     2 ||    42
       Iron Shot         |       |       |       |       |    24 |    43 ||    67
 Abil: Fly               |       |       |       |       |     1 |       ||     1
Evoke: Wand              |       |       |       |     9 |    21 |     2 ||    32
       Fan of gales      |       |       |       |       |     2 |       ||     2
       Phantom mirror    |       |       |       |       |     1 |       ||     1
  Use: Scroll            |     4 |    11 |    10 |     9 |    13 |     3 ||    50
       Potion            |       |     2 |     6 |     4 |     5 |     9 ||    26
 Stab: Sleeping          |     4 |     4 |     3 |     4 |     5 |       ||    20
       Distracted        |       |     2 |       |       |     1 |       ||     3
       Invisible         |       |       |     2 |       |       |       ||     2
       Petrified         |       |       |       |       |    10 |       ||    10
       Confused          |       |       |       |       |     1 |       ||     1
  Eat: Chunk             |     2 |     7 |    11 |    26 |    39 |       ||    85
       Ration            |       |       |     1 |     1 |     4 |     5 ||    11
Armor: Robe              |    41 |    71 |   111 |   177 |   445 |    70 ||   915
Dodge: Dodged            |    93 |   233 |   296 |   408 |   830 |   122 ||  1982
Block: Other             |       |       |       |    76 |   199 |    23 ||   298
       Reflection        |       |       |       |     4 |     8 |       ||    12

Table legend:
 A = Non-vault XP
 B = Vault XP
 C = Vault XP percentage of total XP
 D = Non-vault monster count
 E = Vault monster count
 F = Vault count percentage of total count
                 A         B        C        D         E       F
            +---------+---------+-------+---------+---------+-------
      Total |  105466 |   47982 |  31.3 |     598 |     265 |  30.7
            +---------+---------+-------+---------+---------+-------
        D:1 |      42 |       0 |   0.0 |      25 |       0 |   0.0
        D:2 |      34 |      43 |  55.8 |      14 |      16 |  53.3
        D:3 |     119 |       0 |   0.0 |      34 |       0 |   0.0
        D:4 |     508 |       0 |   0.0 |      27 |       0 |   0.0
        D:5 |     217 |       0 |   0.0 |      16 |       0 |   0.0
        D:6 |     425 |      45 |   9.6 |      11 |       6 |  35.3
        D:7 |    1143 |     183 |  13.8 |      22 |       1 |   4.3
        D:8 |    1806 |       0 |   0.0 |      29 |       0 |   0.0
        D:9 |    1594 |     519 |  24.6 |      14 |      10 |  41.7
       D:10 |    3471 |       0 |   0.0 |      14 |       0 |   0.0
       D:11 |    2057 |    3388 |  62.2 |      18 |      15 |  45.5
       D:12 |    5162 |     541 |   9.5 |      23 |       7 |  23.3
       D:13 |    7850 |       0 |   0.0 |      42 |       0 |   0.0
       D:14 |   10839 |    3466 |  24.2 |      42 |       3 |   6.7
       D:15 |    5016 |    4521 |  47.4 |      19 |       6 |  24.0
     Temple |       7 |       0 |   0.0 |       2 |       0 |   0.0
     Lair:1 |    4399 |       0 |   0.0 |      14 |       0 |   0.0
     Lair:2 |    4276 |       0 |   0.0 |      14 |       0 |   0.0
     Lair:3 |    2536 |       0 |   0.0 |      14 |       0 |   0.0
     Lair:4 |    7995 |    2038 |  20.3 |      32 |       9 |  22.0
     Lair:5 |   13422 |    1604 |  10.7 |      41 |       7 |  14.6
     Lair:6 |   10290 |    9745 |  48.6 |      33 |      50 |  60.2
    Snake:1 |   16804 |       0 |   0.0 |      32 |       0 |   0.0
    Snake:2 |    1387 |    6615 |  82.7 |       2 |       8 |  80.0
      Orc:1 |    1995 |       0 |   0.0 |      26 |       0 |   0.0
      Orc:2 |    2072 |   10358 |  83.3 |      38 |      63 |  62.4
      Sewer |       0 |     414 | 100.0 |       0 |      28 | 100.0
    Ossuary |       0 |     267 | 100.0 |       0 |      16 | 100.0
      IceCv |       0 |    4235 | 100.0 |       0 |      20 | 100.0
            +---------+---------+-------+---------+---------+-------
